 Dungeon Crawl Stone Soup version 0.30-a0-465-g8901f6c8b5 (webtiles) character file.

Game seed: 2168666834772029329

816723 p00ps00p the Axe Maniac (level 27, -1/273 HPs)
             Began as a Hill Orc Fighter on Dec 17, 2022.
             Was a Priest of Jiyva.
             Succumbed to a tainted leviathan's dark miasma
             ... on level 6 of Tartarus on Dec 18, 2022.
             The game lasted 03:24:24 (90211 turns).

p00ps00p the Axe Maniac (Hill Orc Fighter)         Turns: 90211, Time: 03:24:25

Health: -1/273     AC: 52    Str: 48      XL:     27
Magic:  23/23      EV: 27    Int:  8      God:    Jiyva [***...]
Gold:   2098       SH: 28    Dex: 15 (17) Spells: 26/26 levels left

rFire   + + +      SeeInvis +    m - +7 war axe of Gink {elec, rF+ rN+ Str+4 SInv}
rCold   + . .      Faith    .    H - +5 kite shield {AC+3}
rNeg    + + +      Spirit   .    Q - +9 plate armour of the Fife {Str+2}
rPois   +          Reflect  +    P - +2 hood of the Assassin {Detection Stab+ Stlth++}
rElec   .          Harm     .    n - +2 cloak {rPois}
rCorr   +          Rampage  .    J - +0 pair of fencer's gloves {Riposte Dex+3}
Will    +....                    G - +2 pair of boots {Fly}
Stlth   ++++++....               T - amulet "Buigamm" {Reflect Dex+4 SH+5}
HPRegen 1.77/turn                C - ring "Zonizuj" {rN+ EV+4 Str+5}
MPRegen 0.53/turn                U - ring "Poicerr" {rF++ rC+ rN+ Str+4}

@: lethally poisoned (-1 -> -4), about to teleport, doom-hounded, flying,
slowed, studying Ice Magic, unable to drink, weak-willed, very slow
A: iridescent scales 3, translucent skin 1, jelly sensing items, inability to
drink after injury 1
}: 4/15 runes: serpentine, barnacled, silver, abyssal
a: Renounce Religion, Oozemancy


You were on level 6 of Tartarus.
You worshipped Jiyva.
Jiyva was most pleased with you.
You visited 16 branches of the dungeon, and saw 71 of its levels.
You visited the Abyss 16 times.
You also visited: Bailey, Ice Cave and Volcano.

You collected 42024 gold pieces.
You spent 12607 gold pieces at shops.
You paid 27319 gold pieces to Gozag.

Inventory:

Hand Weapons
 m - the +7 war axe of Gink (weapon) {elec, rF+ rN+ Str+4 SInv}
   (You bought it in a shop on level 2 of the Orcish Mines)

   It occasionally discharges a powerful burst of electricity upon striking a
   foe.
   Str:       It affects your strength (+4).
   rF:        It protects you from fire.
   rN:        It protects you from negative energy.
   SInv:      It lets you see invisible.
 t - the +11 spear of Evisceration {flame, Dex+3}
   (You found it on level 4 of the Dungeon)

   It burns those it strikes, dealing additional fire damage.
   Dex:       It affects your dexterity (+3).
 F - a +8 broad axe of chaos
 S - a +3 broad axe of venom
Missiles
 j - 7 throwing nets (quivered)
Armour
 n - a +2 cloak of poison resistance (worn)
 B - the +1 buckler of Miocviw {rElec rC+ rN+}
   (You bought it in a shop on level 3 of the Crypt)

   rC:        It protects you from cold.
   rElec:     It insulates you from electricity.
   rN:        It protects you from negative energy.
 G - a +2 pair of boots of flying (worn)
 H - a +5 kite shield of protection (worn)
 I - the +9 plate armour of Infinity {+Inv rCorr Int-4 Slay+5}
   (You bought it in a shop on level 8 of the Dungeon)

   Int:       It affects your intelligence (-4).
   Slay:      It affects your accuracy & damage with ranged weapons and melee
   (+5).
   +Inv:      It lets you turn invisible.
   rCorr:     It protects you from acid and corrosion.
 J - the +0 pair of fencer's gloves (worn) {Riposte Dex+3}
   (You bought it in a shop on level 10 of the Dungeon)

   It allows the wearer to riposte with melee weapons, swiftly retaliating
   against missed or blocked melee attacks.
   Dex:       It affects your dexterity (+3).
 P - the +2 hood of the Assassin (worn) {Detection Stab+ Stlth++}
   (You found it on level 4 of the Shoals)

   It allows the wearer to sense nearby creatures.
   It allows the wearer to make particularly effective stabbing attacks against
   helpless or unaware enemies with any weapon.
   Stlth:     It makes you much more stealthy.
 Q - the +9 plate armour of the Fife (worn) {Str+2}
   (You bought it in a shop on level 1 of the Elven Halls)

   Str:       It affects your strength (+2).
 X - a +1 tower shield of cold resistance
Jewellery
 x - the amulet of Polytheism {Spirit rC+ Str+3}
   (You found it on level 2 of the Crypt)

   [amulet of guardian spirit]

   It causes incoming damage to be divided between your reserves of health and
   magic.
   Str:       It affects your strength (+3).
   rC:        It protects you from cold.
 C - the ring "Zonizuj" (left hand) {rN+ EV+4 Str+5}
   (You bought it in a shop on level 1 of the Elven Halls)

   [ring of evasion]

   EV:        It affects your evasion (+4).
   Str:       It affects your strength (+5).
   rN:        It protects you from negative energy.
 L - an amulet of the acrobat
 R - the ring "Vabbu" {rN+ Str+4 Dex+4 Slay+2}
   (You found it on level 3 of the Crypt)

   [ring of positive energy]

   Str:       It affects your strength (+4).
   Dex:       It affects your dexterity (+4).
   Slay:      It affects your accuracy & damage with ranged weapons and melee
   (+2).
   rN:        It protects you from negative energy.
 T - the amulet "Buigamm" (around neck) {Reflect Dex+4 SH+5}
   (You took it off a deep elf sorcerer on level 3 of the Elven Halls)

   [amulet of reflection]

   It reflects blocked missile attacks.
   Dex:       It affects your dexterity (+4).
   SH:        It affects your SH (+5).
 U - the ring "Poicerr" (right hand) {rF++ rC+ rN+ Str+4}
   (You found it on level 3 of the Crypt)

   [ring of positive energy]

   Str:       It affects your strength (+4).
   rF:        It greatly protects you from fire.
   rC:        It protects you from cold.
   rN:        It protects you from negative energy.
 Y - the ring "Tuda" {rPois Will+ Int+3 Dex+7}
   (You found it on level 2 of the Crypt)

   [ring of willpower]

   Int:       It affects your intelligence (+3).
   Dex:       It affects your dexterity (+7).
   rPois:     It protects you from poison.
   Will:      It increases your willpower.
Wands
 h - a wand of flame (95)
 o - a wand of digging (5)
 r - a wand of mindburst (10)
 w - a wand of quicksilver (36)
 D - a wand of charming (47)
 E - a wand of roots (33)
 M - a wand of polymorph (17)
Scrolls
 e - 8 scrolls of poison
 g - 20 scrolls of teleportation
 k - 13 scrolls of fog
 u - 7 scrolls of magic mapping
 v - 5 scrolls of fear
 y - 4 scrolls of amnesia
 K - 2 scrolls of silence
 V - 4 scrolls of summoning
Potions
 c - 14 potions of flight
 d - 5 potions of magic
 f - 27 potions of curing
 i - 14 potions of brilliance
 p - 9 potions of cancellation
 q - 7 potions of might
 z - 7 potions of resistance
 A - 2 potions of heal wounds
 N - 7 potions of haste
 O - 3 potions of berserk rage
Miscellaneous
 a - a condenser vane
 W - a lightning rod (4/4)


   Skills:
 O Level 27 Fighting
 O Level 27 Axes
 O Level 27 Armour
 + Level 26.1 Dodging
 + Level 20.1 Stealth
 O Level 27 Shields


You had 26 spell levels left.
You didn't know any spells.
Your spell library contained the following spells:

 Spells                   Type           Power      Damage    Failure   Level
 Apportation              Tloc           0%         N/A       63%         1
 Foxfire                  Conj/Fire      0%         2x1d4     63%         1
 Magic Dart               Conj           0%         1d3       63%         1
 Necrotise                Necr           0%         1d4       63%         1
 Shock                    Conj/Air       0%         1d3       63%         1
 Slow                     Hex            0%         N/A       63%         1
 Summon Small Mammal      Summ           0%         N/A       63%         1
 Blink                    Tloc           0%         N/A       77%         2
 Call Imp                 Summ           0%         N/A       77%         2
 Ensorcelled Hibernation  Hex/Ice        0%         N/A       77%         2
 Momentum Strike          Conj/Tloc      0%         3d8       77%         2
 Passwall                 Tmut/Erth      0%         N/A       77%         2
 Scorch                   Fire           0%         2d5       77%         2
 Searing Ray              Conj           0%         2d4       77%         2
 Static Discharge         Conj/Air       0%         2-2/arc   77%         2
 Wereblood                Tmut           0%         N/A       77%         2
 Confusing Touch          Hex            0%         N/A       94%         3
 Frozen Ramparts          Ice            0%         1d1       94%         3
 Gell's Gravitas          Tloc           0%         N/A       94%         3
 Ignite Poison            Fire/Tmut/Pois 0%         N/A       94%         3
 Inner Flame              Hex/Fire       0%         N/A       94%         3
 Kindle Blastsparks       Fire/Tloc/Air  0%         2d10      94%         3
 Lesser Beckoning         Tloc           0%         N/A       94%         3
 Mephitic Cloud           Conj/Pois/Air  0%         N/A       94%         3
 Spider Form              Tmut/Pois      0%         N/A       94%         3
 Summon Guardian Golem    Hex/Summ       0%         N/A       94%         3
 Swiftness                Air            0%         N/A       94%         3
 Teleport Other           Tloc           0%         N/A       94%         3
 Vampiric Draining        Necr           0%         2d6       94%         3
 Vhi's Electric Charge    Tloc/Air       0%         N/A       94%         3
 Airstrike                Air            0%         2d(0-16)  100%        4
 Anguish                  Hex/Necr       0%         N/A       100%        4
 Animate Dead             Necr           0%         N/A       100%        4
 Cause Fear               Hex            0%         N/A       100%        4
 Dispel Undead            Necr           0%         3d6       100%        4
 Flame Wave               Conj/Fire      0%         2d4       100%        4
 Fulminant Prism          Conj/Hex       0%         3d5       100%        4
 Ice Form                 Ice/Tmut       0%         N/A       100%        4
 Iskenderun's Mystic Bla  Conj/Tloc      0%         2d3       100%        4
 Manifold Assault         Tloc           0%         N/A       100%        4
 Olgreb's Toxic Radiance  Pois           0%         N/A       100%        4
 Passage of Golubria      Tloc           0%         N/A       100%        4
 Sticky Flame             Conj/Fire      0%         2d3       100%        4
 Summon Ice Beast         Ice/Summ       0%         N/A       100%        4
 Summon Lightning Spire   Summ/Air       0%         N/A       100%        4
 Alistair's Intoxication  Tmut/Pois      0%         N/A       100%        5
 Arcjolt                  Conj/Air       0%         1d10      100%        5
 Borgnjor's Vile Clutch   Necr/Erth      0%         N/A       100%        5
 Fireball                 Conj/Fire      0%         3d3       100%        5
 Freezing Cloud           Conj/Ice/Air   0%         6-21      100%        5
 Iskenderun's Battlesphe  Conj           0%         2d6       100%        5
 Lee's Rapid Deconstruct  Erth           0%         3d4*      100%        5
 Lightning Bolt           Conj/Air       0%         1d11      100%        5
 Silence                  Hex/Air        0%         N/A       100%        5
 Summon Forest            Summ/Tloc      0%         N/A       100%        5
 Summon Mana Viper        Hex/Summ       0%         N/A       100%        5
 Conjure Ball Lightning   Conj/Air       0%         3x3d7     100%        6
 Death Channel            Necr           0%         N/A       100%        6
 Eringya's Noxious Bog    Tmut/Pois      0%         N/A       100%        6
 Simulacrum               Ice/Necr       0%         N/A       100%        6
 Starburst                Conj/Fire      0%         6d3       100%        6
 Summon Cactus Giant      Summ           0%         N/A       100%        6
 Dragon Form              Tmut           0%         N/A       100%        7
 Haunt                    Necr/Summ      0%         N/A       100%        7
 Malign Gateway           Summ/Tloc      0%         N/A       100%        7
 Monstrous Menagerie      Summ           0%         N/A       100%        7
 Orb of Destruction       Conj           0%         9d5       100%        7
 Ozocubu's Refrigeration  Ice            0%         4d7       100%        7
 Spellforged Servitor     Conj/Summ      0%         N/A       100%        7
 Discord                  Hex            0%         N/A       100%        8
 Disjunction              Tloc           0%         N/A       100%        8
 Ignition                 Fire           0%         3d3       100%        8
 Infestation              Necr           0%         N/A       100%        8
 Lehudib's Crystal Spear  Conj/Erth      0%         10d2      100%        8
 Necromutation            Tmut/Necr      0%         N/A       100%        8
 Dragon's Call            Summ           0%         N/A       100%        9
 Fire Storm               Conj/Fire      0%         5d1       100%        9
 Polar Vortex             Ice            0%         N/A       100%        9


Dungeon Overview and Level Annotations

Branches:
Dungeon (15/15)            Temple (1/1) D:5            Lair (5/5) D:10
 Shoals (4/4) Lair:2        Snake (4/4) Lair:2        Slime (5/5) Lair:4
    Orc (2/2) D:10            Elf (3/3) Orc:2        Vaults (5/5) D:14
  Crypt (3/3) Vaults:3       Tomb (0/3) Crypt:3      Depths (4/4) D:15
   Hell (visited)             Dis (1/7) Hell            Geh (7/7) Hell
    Coc (0/7) Hell            Tar (6/7) Hell            Zot (5/5) Depths:4
 Bailey (visited)           IceCv (visited)         Volcano (visited)

Altars:
Ashenzari
Cheibriados
Dithmenos
Elyvilon
Fedhas
Gozag
Hepliaklqana
Kikubaaqudgha
Makhleb
Nemelex Xobeh
Okawaru
Qazlal
Ru
Sif Muna
Trog
Uskayaw
Vehumet
Wu Jian
Xom
Yredelemnul
Zin
The Shining One
Beogh
Jiyva
Lugonu

Shops:
D:6 **   D:8 ?[   D:10 [   D:12 =**   D:15 [   Orc:1 =   Orc:2 *(:*   Elf:1 [*=
Elf:3 *   Shoals:2 [:   Shoals:4 (   Snake:2 ?   Snake:3 *   Vaults:2 *[
Vaults:3 (*   Vaults:4 ((   Vaults:5 =*   Crypt:3 [   Zot:3 *   Depths:2 *[=!
Depths:3 :==

Portals:
Hell: Depths:1 Depths:2 Depths:3 Depths:4
Abyss: Lair:5 Depths:1 Depths:3
Pandemonium: Depths:2
Ziggurat: Depths:1
Trove: D:13 (give +3 shadow dragon scales)

Annotations:
D:1 1 transporter
D:3 2 transporters, equiv's ghost, weakling DgWr
Slime:2 Dissolution
Slime:5 Royal Jelly
Zot:5 1 runed translucent door, Ytolar's ghost, legendary DsFi


Innate Abilities, Weirdness & Mutations

You are completely covered in iridescent scales. (AC +6)
Your translucent skin slightly reduces your foes' accuracy. (Stealth+)
You have a small jelly attached to you that senses nearby items.
You occasionally lose the ability to drink potions when taking damage.


Message History

You block the shadow demon's attack.
You block the spectral spriggan defender's attack.
The reaper misses you.
The Tzitzimitl calls on the powers of darkness!
Your body is wracked with pain!
* * * LOW HITPOINT WARNING * * *
The spectral spriggan defender hits you but does no damage.
A reaper comes into view. It is wielding a +5 vampiric scythe.
You slash the Tzitzimitl!
The Tzitzimitl is severely wounded.
You hit the bone dragon but do no damage.
You hit the spectral spriggan defender.
You hit the tainted leviathan but do no damage.
You are engulfed in dark miasma.
You are lethally poisoned!
You feel as though you will be slow longer.
* * * LOW HITPOINT WARNING * * *
Your surroundings suddenly seem different.
A lorocyproca, a shadow demon, a hellion, a doom hound and a putrid mouth come into view.
Gozag incites the putrid mouth against you.
The putrid mouth seems to speed up.
You break out of your daze!
* * * LOW HITPOINT WARNING * * *
You feel very sick.
The shadow demon gestures.
The putrid mouth howls a warning cry!
A hellion comes into view.
The reaper moves out of view.
The lorocyproca moves out of view.
You slice the hellion!! Lightning courses through the hellion!
The hellion is almost dead.
You slice the doom hound!!
* * * LOW HITPOINT WARNING * * *
You feel very sick. You block the hellion's attack.
You riposte.
You slice the hellion!!
You kill the hellion!
You slice the doom hound!!
The doom hound bites you but does no damage.
The doom hound misses you.
As you read the scroll of teleportation, it crumbles to dust.
You feel strangely unstable.
You die...

..# ..## ...# ... ..
.#####. #..2...##{
#.@# #..2#h^# #.##
.2.# .#2.# .##... ..
#W#.# ... ..#
#....#..#^
....##.#...#..#.#....#
###..ยง.#. ##Z..
#....#


You could see a doom hound (can howl), a lorocyproca (invisible), a putrid mouth
(fast, incited), a shadow demon, a hellion and a tormentor (summoned).

Vanquished Creatures
  4 dread liches
  6 ancient liches
  5 orbs of fire (Zot:5)
  Khufu (Crypt:1)
  6 juggernauts
  A royal mummy (Crypt:1)
  Josephina (Depths:2)
  Frederick (Depths:2)
  Boris (4 times) (Vaults:2 Vaults:5 Depths:3 Crypt:3)
  3 Killer Klowns
  Saint Roka (Elf:2)
  Nikola (Depths:2)
  Geryon (Hell)
  6 golden dragons
  9 bone dragons
  6 profane servitors
  A pearl dragon (Abyss:6)
  4 Brimstone Fiends
  4 electric golems
  2 Tzitzimimeh
  The ghost of Quudwopt the Impaler, an adept MfGl of Okawaru (Vaults:2)
  2 spectral shard shrikes
  2 Hell Sentinels
  3 iron giants (Tar:5)
  12 tentacled monstrosities
  6 doom hounds
  14 hellephants
  A shard shrike skeleton (Crypt:2)
  11 searing wretches
  7 tainted leviathans
  12 liches
  Asterion (Elf:3)
  A walking crystal tome (Abyss:5)
  A walking frostbound tome (Abyss:4)
  25 Orb Guardians (Zot:5)
  13 titans
  A kraken (Shoals:3)
  A walking divine tome (Abyss:4)
  2 deep elf master archers (Elf:3)
  2 deep elf blademasters (Elf:3)
  4 quicksilver dragons
  5 death cobs
  6 Executioners
  62 tentacled starspawn
  12 ancient champions
  7 sphinxes
  Agnes (Elf:2)
  5 draconian monks
  9 storm dragons
  9 revenants
  An azure jelly (Slime:1)
  6 tengu reavers
  11 shadow dragons
  2 draconian knights (Depths:4)
  6 daevas
  4 nagarajas
  3 iron dragons
  A quicksilver elemental (Dis:1)
  Aizul (Vaults:2)
  10 frost giants
  15 vault wardens
  22 fire giants
  Louise (Shoals:4)
  5 deep elf sorcerers
  4 draconian scorchers
  A spectral juggernaut (Tar:1)
  16 balrugs
  A ghost moth (Zot:2)
  7 draconian annihilators
  8 draconian shifters
  5 draconian stormcallers
  An angel (Abyss:5)
  A spectral caustic shrike (Tar:1)
  A spriggan defender (Depths:3)
  An orc warlord (Vaults:3)
  7 cacodemons
  6 ghouls
  A deep elf elementalist (Abyss:3)
  A curse skull (Crypt:2)
  7 ironbound thunderhulks
  A quicksilver ooze (Slime:1)
  19 stone giants
  15 ironbound preservers
  4 war gargoyles
  2 ophanim (Abyss:5)
  6 vampire knights
  10 reapers
  The ghost of lotum the Severer, a journeyman HOFi of Cheibriados (Lair:4)
  43 very ugly things
  A starflower (Abyss:5)
  6 black draconians
  9 putrid mouths
  14 deep elf annihilators
  10 deep elf demonologists
  8 dire elephants
  8 yellow draconians
  7 lorocyprocas
  7 green draconians
  A spectral titan (Crypt:3)
  2 spark wasps
  A bunyip (Abyss:5)
  11 red draconians
  9 white draconians
  15 eidola
  10 purple draconians
  6 statues (Depths:2)
  11 ettins
  11 deep elf death magi
  6 green deaths
  A spectral quicksilver dragon (Crypt:3)
  4 crystal guardians
  3 iron golems (Dis:1)
  8 merfolk impalers
  17 yaktaur captains
  4 blizzard demons
  23 jiangshi
  4 merfolk javelineers
  6 spriggan zombies
  9 great orbs of eyes
  A spectral spriggan (Crypt:3)
  6 deep elf high priests
  2 entropy weavers
  9 fire dragons
  21 salamander tyrants
  6 ice dragons
  6 rakshasas
  A hell beast (Depths:1)
  39 vault guards
  3 ogre magi
  4 peacekeepers
  2 quicksilver dragon skeletons
  A jorogumo (shapeshifter) (Abyss:5)
  6 merfolk aquamancers
  5 hydras
  2 spriggan skeletons
  A fenstrider witch skeleton (Crypt:3)
  7 spriggan air magi
  2 catoblepae
  24 centaur warriors
  5 ironbound frosthearts
  The ghost of Diaxkar the Geomancer, a journeyman DsFE of Vehumet (Lair:1)
  A spectral stone giant (Tar:1)
  8 stokers
  A hydra (shapeshifter) (Vaults:5)
  Erica (D:8)
  A spectral shadow dragon (Tar:1)
  An alligator snapping turtle (Shoals:4)
  8 death yaks
  17 naga warriors
  16 two-headed ogres
  An azure jelly zombie (Crypt:1)
  2 death knights
  3 merfolk avatars (Shoals:3)
  10 deep troll shamans
  3 satyrs
  4 boulder beetles
  35 dancing weapons
  15 anacondas
  60 hell hogs
  A spectral dire elephant (Tar:1)
  6 tengu warriors
  6 shock serpents
  A bennu skeleton (Crypt:3)
  7 deep troll earth magi
  11 naga sharpshooters
  7 soul eaters
  2 spectral nagas
  87 thrashing horrors
  2 titan zombies
  2 spriggan berserkers (Depths:1)
  15 vampire magi
  4 spectral storm dragons (Crypt:3)
  Amaemon (D:8)
  21 deep elf knights
  8 hell knights
  A crystal echidna (Dis:1)
  2 spark wasp zombies
  20 sun demons
  11 shadow wraiths
  14 spatial maelstroms
  A quicksilver dragon simulacrum (Abyss:6)
  14 iron trolls
  37 wretched stars
  A golden dragon zombie (D:15)
  4 salamander mystics
  11 sixfirhies
  A death drake (Abyss:5)
  A spectral bunyip (Crypt:3)
  A death drake (shapeshifter) (Vaults:4)
  2 cherubim (Abyss:5)
  17 sea snakes
  An orb spider (shapeshifter) (Depths:2)
  2 shadow demons
  30 skeletal warriors
  61 deep trolls
  An orb spider (Abyss:5)
  2 bog bodies (IceCv)
  3 spectral hydras
  A deep troll (shapeshifter) (Vaults:5)
  4 spectral anacondas
  13 flayed ghosts
  10 glowing orange brains
  9 naga ritualists
  2 spectral iron dragons (Tar:1)
  A lindwurm (shapeshifter) (Vaults:5)
  17 phantasmal warriors
  2 orc knights
  An obsidian statue (IceCv)
  An orange crystal statue (Zot:5)
  An iron giant skeleton (Abyss:6)
  A harpy (shapeshifter) (Depths:3)
  16 deep elf archers
  11 wizards
  12 mana vipers
  A bunyip skeleton (Abyss:3)
  10 lindwurms
  20 deep elf zephyrmancers
  19 ironbound convokers
  3 orc sorcerers
  30 deep elf pyromancers
  16 necromancers
  2 anaconda skeletons (Volcano)
  A sphinx zombie (Depths:1)
  64 ugly things
  A shining eye (Abyss:6)
  25 harpies
  A shining eye (shapeshifter) (Vaults:4)
  18 salamanders
  6 will-o-the-wisps
  13 manticores
  A stone giant zombie (Abyss:6)
  A spectral alligator snapping turtle (Tar:1)
  13 cyclopes
  136 starcursed masses
  2 moths of wrath (shapeshifter)
  45 elephants
  22 moths of wrath
  3 frost giant skeletons
  2 spectral centaurs
  10 fauns
  7 worldbinders
  6 merfolk sirens
  39 black mambas
  16 vault sentinels
  11 guardian serpents
  A toenail golem (Abyss:4)
  12 apocalypse crabs
  A stone giant skeleton (Crypt:2)
  2 iron dragon skeletons
  An eye of devastation (Abyss:5)
  Joseph (D:8)
  44 smoke demons
  A torpor snail (Lair:1)
  4 water nymphs
  A storm dragon simulacrum (Crypt:3)
  7 molten gargoyles
  10 orange demons
  7 gargoyles
  12 naga magi
  An unseen horror (shapeshifter) (D:14)
  11 cane toads
  6 unseen horrors
  A minotaur zombie (Crypt:2)
  17 hellions
  10 efreet
  8 komodo dragons
  A bunyip simulacrum (Crypt:1)
  2 demonic crawlers (Abyss:3)
  47 freezing wraiths
  Maggie (D:8)
  6 elf zombies
  3 kobold demonologists
  A rime drake (Lair:5)
  Psyche (D:8)
  40 yaktaurs
  A yaktaur skeleton (Vaults:2)
  3 anaconda simulacra (IceCv)
  3 golden dragon simulacra
  5 tengu conjurers
  A hydra zombie (Crypt:2)
  2 red devils
  5 hellwings
  3 guardian mummies
  An ice devil (Hell)
  3 harpy zombies
  42 ancient zymes
  10 tormentors
  A minotaur skeleton (Crypt:2)
  A merfolk (shapeshifter) (Vaults:5)
  26 merfolk
  A queen bee (D:13)
  126 large abominations
  A polar bear (shapeshifter) (Abyss:5)
  4 queen bees (shapeshifter)
  6 meliai
  3 polar bears
  5 spectral harpies
  11 trolls
  A hornet (Depths:1)
  6 wind drakes
  A blink frog (shapeshifter) (Depths:1)
  A mana viper skeleton (Crypt:1)
  5 snapping turtles
  122 raiju
  42 blink frogs
  A fire giant simulacrum (Depths:2)
  10 dream sheep
  An ettin zombie (Abyss:3)
  A tarantella zombie (Crypt:1)
  A death drake skeleton (Crypt:2)
  An iron dragon simulacrum (Depths:2)
  5 harpy skeletons
  Prince Ribbit (D:8)
  48 slime creatures
  A spectral black mamba (Tar:1)
  13 flying skulls
  Sigmund (D:4)
  2 boulder beetle zombies (Crypt:1)
  4 air elementals
  2 alligator skeletons (Volcano)
  3 vampires
  8 wraiths
  2 yaks (shapeshifter)
  24 water elementals
  5 fire elementals
  6 centaur simulacra
  A wyvern (shapeshifter) (Lair:5)
  5 shadows
  A tyrant leech zombie (Crypt:3)
  23 ynoxinuls
  A spriggan (shapeshifter) (Abyss:4)
  3 spriggans
  A hog (shapeshifter) (Elf:1)
  2 wyverns
  5 dire elephant simulacra (IceCv)
  34 yaks
  A basilisk (shapeshifter) (Abyss:3)
  11 basilisks
  A redback (shapeshifter) (Lair:5)
  3 fire bats (Depths:3)
  2 minotaur simulacra (IceCv)
  28 neqoxecs
  6 redbacks
  14 vampire mosquitoes
  A golden eye (Abyss:3)
  Grum (D:8)
  23 chaos spawn
  2 wargs
  Menkaure (D:7)
  38 nagas
  3 spriggan simulacra
  67 small abominations
  A steam dragon (D:9)
  3 harpy simulacra
  A naga zombie (Crypt:2)
  2 acid dragons
  21 spatial vortices
  2 hydra simulacra
  9 hell hounds
  24 water moccasins
  Duvessa (D:7)
  A floating eye (Depths:4)
  20 orc warriors
  4 glowing shapeshifter skeletons
  3 black bears
  6 ice beasts
  A meliai simulacrum (D:15)
  A dream sheep zombie (Crypt:3)
  2 alligator simulacra (IceCv)
  8 centaurs
  7 wolves
  18 ogres
  A phantom (D:6)
  A kobold brigand (D:8)
  8 bullfrogs
  2 gnoll sergeants
  5 earth elementals
  4 deep troll simulacra (IceCv)
  A draconian skeleton (Crypt:3)
  A scorpion (D:5)
  10 wights
  Dowan (D:7)
  14 killer bees
  3 lindwurm simulacra (IceCv)
  A troll zombie (Crypt:2)
  4 howler monkeys
  7 electric eels
  2 lava snakes (Lair:1)
  Crazy Yiuf (D:2)
  5 iron imps
  A jelly (D:7)
  13 orc priests
  2 hounds
  A human zombie (Crypt:2)
  8 iguanas
  A gnoll bouda (D:6)
  24 orc wizards
  An acid dragon zombie (Crypt:1)
  5 naga skeletons (Volcano)
  2 mummies (Crypt:1)
  21 gnolls
  10 adders
  A swamp drake skeleton (Crypt:1)
  2 shadow imps
  9 white imps
  5 ufetubi
  An iguana zombie (Crypt:1)
  An iguana skeleton (Crypt:3)
  3 worms
  2 dart slugs
  66 orcs
  3 bats
  7 endoplasms
  6 giant cockroaches
  16 goblins
  20 hobgoblins
  7 jackals (D:3)
  5 quokkas
  6 ball pythons
  A ball python skeleton (Crypt:1)
  4 frilled lizards
  A gnoll skeleton (Crypt:2)
  17 kobolds
  2 rats (D:1)
  A river rat skeleton (Crypt:1)
  A river rat zombie (Crypt:2)
  5 creeping infernos
  42 fire vortices
  6 lurking horrors
  77 starspawn tentacles
  4 tentacles (Shoals:3)
3936 creatures vanquished.

Vanquished Creatures (others)
  A lich (Depths:2)
  A tentacled starspawn (Abyss:6)
  An acid blob (Abyss:6)
  A fire giant (Geh:7)
  A juggernaut simulacrum (Depths:2)
  A spriggan air mage (Depths:2)
  A stoker (Geh:6)
  A merfolk aquamancer (Shoals:4)
  A deep troll shaman (Depths:2)
  A vampire mage (Depths:1)
  3 hell hogs (Abyss:6)
  A deep elf knight (Elf:3)
  A shadow wraith (Hell)
  A deep troll (Depths:2)
  A necromancer (Crypt:2)
  2 deep elf pyromancers
  An ironbound convoker (Vaults:5)
  A deep elf zephyrmancer (Elf:1)
  2 wizards
  An ancient zyme (Abyss:6)
  A tengu conjurer (Depths:2)
  3 raiju (Abyss:6)
  3 golden eyes (Abyss:4)
  5 large abominations
  A neqoxec (Abyss:6)
  2 small abominations
  2 electric eels (Lair:1)
  13 jellies
  A creeping inferno (Geh:3)
  2 fire vortices
  14 foxfires
  8 fungi
  9 lurking horrors
  125 plants
  84 starspawn tentacles
  A tentacle (Shoals:3)
  3 withered plants (D:15)
301 creatures vanquished.

Grand Total: 4237 creatures vanquished

Notes
Turn   | Place    | Note
-------+----------+-------------------------------------------
     0 | D:1      | p00ps00p the Hill Orc Fighter began the quest for the Orb.
     0 | D:1      | Reached XP level 1. HP: 19/19 MP: 1/1
   100 | D:1      | Reached XP level 2. HP: 22/27 MP: 2/2
   738 | D:1      | Identified a scroll of acquirement
   738 | D:1      | Acquired 1046 gold pieces
   835 | D:2      | Reached XP level 3. HP: 28/33 MP: 3/3
   936 | D:2      | Found a sparkling altar of Nemelex Xobeh.
   967 | D:2      | Reached XP level 4. HP: 40/40 MP: 4/4
  1501 | D:2      | Found a runed translucent door.
  1502 | D:2      | Noticed Crazy Yiuf
  1649 | D:2      | Killed Crazy Yiuf
  1885 | D:3      | Reached XP level 5. HP: 47/47 MP: 5/5
  1915 | D:3      | Found a transporter.
  1915 | D:3      | Noticed equiv's ghost (weakling DgWr)
  1934 | D:3      | Found a transporter.
  2648 | D:4      | Noticed Sigmund
  2665 | D:4      | Killed Sigmund
  2666 | D:4      | Reached skill level 5 in Fighting
  2666 | D:4      | Reached skill level 5 in Axes
  2666 | D:4      | Reached XP level 6. HP: 37/56 MP: 6/6
  2850 | D:4      | Identified the +11 spear of Evisceration {flame, Dex+3}
  2874 | D:4      | Reached skill level 5 in Shields
  2884 | D:4      | Noticed a black bear
  2893 | D:4      | Killed a black bear
  2894 | D:4      | Reached skill level 5 in Armour
  2894 | D:4      | Reached XP level 7. HP: 58/61 MP: 7/7
  3301 | D:5      | Entered Level 5 of the Dungeon
  3301 | D:5      | Found a staircase to the Ecumenical Temple.
  3321 | Temple   | Entered the Ecumenical Temple
  3488 | Temple   | Became a worshipper of Gozag Ym Sagoz the Greedy
  4237 | D:5      | Reached XP level 8. HP: 70/70 MP: 8/8
  4554 | D:5      | Acquired a +3 war axe of electrocution
  4948 | D:6      | Found a shadowy altar of Dithmenos.
  5447 | D:6      | Found Nokhyer's General Store.
  5451 | D:6      | Found Terokait's Specific Store.
  5738 | D:7      | Noticed Dowan
  5738 | D:7      | Noticed Menkaure
  5738 | D:7      | Noticed Duvessa
  5745 | D:7      | Killed Menkaure
  5746 | D:7      | Reached XP level 9. HP: 62/79 MP: 9/9
  5748 | D:7      | Killed Duvessa
  5751 | D:7      | Killed Dowan
  5834 | D:7      | Found a flagged portal.
  5861 | Bailey   | Entered a bailey
  5986 | Bailey   | Noticed an orc knight
  6008 | Bailey   | Killed an orc knight
  6093 | Bailey   | Identified the +1 leather armour of Amelioration {Will+++}
  6898 | D:7      | Reached XP level 10. HP: 73/91 MP: 10/10
  7348 | D:8      | Noticed an orange demon
  7348 | D:8      | Noticed Amaemon
  7354 | D:8      | Killed an orange demon
  7364 | D:8      | Killed Amaemon
  7512 | D:8      | Noticed Erica
  7524 | D:8      | Reached skill level 10 in Axes
  7525 | D:8      | Killed Erica
  7543 | D:8      | Reached skill level 10 in Fighting
  7590 | D:8      | Bought a masterwork plate armour for 868 gold pieces
  7590 | D:8      | Identified the +9 plate armour of Infinity {+Inv rCorr
                  | Int-4 Slay+5} (You bought it in a shop on level 8 of the
                  | Dungeon)
  7957 | D:8      | Noticed Prince Ribbit
  7966 | D:8      | Killed Prince Ribbit
  8222 | D:8      | Noticed Joseph
  8229 | D:8      | Noticed Maggie
  8235 | D:8      | Killed Joseph
  8241 | D:8      | Killed Maggie
  8242 | D:8      | Reached XP level 11. HP: 57/101 MP: 11/11
  8417 | D:8      | Noticed Grum
  8424 | D:8      | Killed Grum
  8478 | D:8      | Found a shimmering altar of Xom.
  8488 | D:8      | Found the +7 mace of Variability {chain chaos}
  8991 | D:8      | Noticed Psyche
  9569 | D:9      | Reached skill level 10 in Shields
  9725 | D:9      | Reached skill level 10 in Armour
  9996 | D:9      | Noticed a two-headed ogre
 10001 | D:9      | Killed a two-headed ogre
 10180 | D:10     | Entered Level 10 of the Dungeon
 10192 | D:10     | Found a staircase to the Lair.
 10634 | D:10     | Found a staircase to the Orcish Mines.
 11005 | Orc:1    | Entered Level 1 of the Orcish Mines
 11169 | Orc:1    | You are sucked into a shaft and drop 1 floor!
 11169 | Orc:2    | Entered Level 2 of the Orcish Mines
 11169 | Orc:2    | Noticed an iron troll
 11169 | Orc:2    | Noticed a two-headed ogre
 11169 | Orc:2    | Noticed a cyclops
 11169 | Orc:2    | Noticed a two-headed ogre
 11169 | Orc:2    | Noticed a two-headed ogre
 11169 | Orc:2    | Found Tieweeh's Weapon Emporium.
 11169 | Orc:2    | Found Asaleru's General Store.
 11170 | Orc:2    | Noticed a two-headed ogre
 11170 | Orc:2    | Noticed a two-headed ogre
 11170 | Orc:2    | Noticed an ogre mage
 11170 | Orc:2    | Noticed a two-headed ogre
 11170 | Orc:2    | Noticed a two-headed ogre
 11171 | Orc:2    | Noticed a deep troll
 11173 | Orc:2    | Noticed an orc sorcerer
 11177 | Orc:2    | Noticed a two-headed ogre
 11177 | Orc:2    | Noticed an ogre mage
 11853 | Orc:1    | Found Ciret's Jewellery Shoppe.
 12144 | D:10     | Bought the +0 pair of fencer's gloves {Riposte Dex+3} for
                  | 1040 gold pieces
 12144 | D:10     | Found the +0 pair of fencer's gloves {Riposte Dex+3}
 12280 | Orc:2    | Noticed a cyclops
 12334 | Orc:2    | Killed a cyclops
 12335 | Orc:2    | Reached XP level 12. HP: 101/112 MP: 12/12
 12350 | Orc:2    | Found Woasain's General Store.
 12368 | Orc:2    | Killed a two-headed ogre
 12370 | Orc:2    | Found Horphacuwk's Book Emporium.
 12388 | Orc:2    | Killed a two-headed ogre
 12404 | Orc:2    | Killed a two-headed ogre
 12406 | Orc:2    | Killed a two-headed ogre
 12408 | Orc:2    | Killed a two-headed ogre
 12411 | Orc:2    | Killed a two-headed ogre
 12416 | Orc:2    | Killed a two-headed ogre
 12432 | Orc:2    | Killed an ogre mage
 12781 | Orc:2    | Killed a two-headed ogre
 12782 | Orc:2    | Killed an ogre mage
 12847 | Orc:2    | Reached XP level 13. HP: 98/122 MP: 13/13
 13387 | Orc:2    | Found a roughly hewn altar of Beogh.
 13392 | Orc:2    | Found a staircase to the Elven Halls.
 13527 | Orc:2    | Bought the +7 war axe of Gink {elec, rF+ rN+ Str+4 SInv}
                  | for 1266 gold pieces
 13847 | Lair:1   | Entered Level 1 of the Lair of Beasts
 14162 | Lair:1   | Found a large runed translucent door.
 14162 | Lair:1   | Found a large runed translucent door.
 14170 | Lair:1   | Noticed Diaxkar's ghost (journeyman DsFE)
 14227 | Lair:1   | Found a dark tunnel.
 14239 | Volcano  | Entered a volcano
 14859 | Lair:1   | Reached skill level 15 in Axes
 15347 | Lair:1   | Acquired a manual of Dodging
 15394 | Lair:2   | Reached skill level 1 in Dodging
 15547 | Lair:2   | Found a staircase to the Snake Pit.
 15572 | Lair:2   | Reached skill level 5 in Dodging
 15755 | Lair:2   | Reached XP level 14. HP: 132/132 MP: 14/14
 16004 | Lair:2   | Found a staircase to the Shoals.
 16527 | Lair:3   | Reached skill level 10 in Dodging
 17353 | Lair:4   | Found a runed translucent door.
 17353 | Lair:4   | Noticed lotum's ghost (journeyman HOFi)
 17429 | Lair:4   | Found a staircase to the Slime Pits.
 17430 | Lair:4   | Found a viscous altar of Jiyva.
 18001 | Lair:4   | Killed lotum's ghost
 18042 | Lair:5   | Entered Level 5 of the Lair of Beasts
 18383 | Lair:5   | Reached XP level 15. HP: 85/138 MP: 15/15
 19073 | Lair:5   | Identified the +5 demon trident of Linearity {pain, rN+}
 19214 | Lair:5   | Found a corrupted altar of Lugonu.
 19214 | Lair:5   | Found a one-way gate to the infinite horrors of the Abyss.
 19224 | Lair:5   | Identified the +7 scale mail of the Four Portals {rN+
                  | Dex+2}
 20338 | D:12     | Acquired 672 gold pieces
 20341 | D:12     | Bought the ring "Xauc" {Str+3 Dex+6} for 640 gold pieces
 20345 | D:12     | Bought a scroll of enchant armour for 97 gold pieces
 20345 | D:12     | Bought a +1 cloak of preservation for 214 gold pieces
 20507 | D:12     | Reached skill level 15 in Dodging
 21583 | D:13     | Reached XP level 16. HP: 142/146 MP: 16/16
 22216 | D:13     | Found a portal to a secret trove of treasure.
 22864 | D:14     | Found a gate to the Vaults.
 23406 | D:14     | Found an opulent altar of Gozag.
 23451 | D:15     | Entered Level 15 of the Dungeon
 23595 | D:15     | Found a staircase to the Depths.
 23674 | D:15     | Found a frozen archway.
 23721 | IceCv    | Entered an ice cave
 23873 | IceCv    | Reached XP level 17. HP: 154/154 MP: 17/17
 24108 | IceCv    | Found an ancient bone altar of Kikubaaqudgha.
 24301 | IceCv    | Noticed a lich
 24322 | IceCv    | Killed a lich
 24668 | D:15     | Found a glowing golden altar of the Shining One.
 24699 | D:15     | Found Sublach's Antique Armour Shoppe.
 25354 | Elf:1    | Entered Level 1 of the Elven Halls
 25445 | D:8      | Killed Psyche
 25452 | D:8      | Bought a scorched plate armour for 868 gold pieces
 25452 | D:8      | Identified the +1 plate armour of Hedonism {Drain MP+9
                  | Str+5} (You bought it in a shop on level 8 of the Dungeon)
 25457 | D:8      | Bought a scroll of fog for 68 gold pieces
 25457 | D:8      | Bought a scroll of teleportation for 51 gold pieces
 25457 | D:8      | Bought a scroll of enchant weapon for 127 gold pieces
 25570 | Snake:1  | Entered Level 1 of the Snake Pit
 25586 | Snake:1  | Reached skill level 15 in Fighting
 26462 | Snake:1  | Acquired 1181 gold pieces
 26622 | Snake:2  | Found Lorofy's Magic Scroll Shop.
 26643 | Snake:2  | Bought a scroll of teleportation for 30 gold pieces
 26643 | Snake:2  | Bought a scroll of blinking for 75 gold pieces
 26643 | Snake:2  | Bought a scroll of teleportation for 30 gold pieces
 27557 | Snake:3  | Reached XP level 18. HP: 165/165 MP: 18/18
 28237 | Snake:3  | Bought a scroll of brand weapon for 351 gold pieces
 28237 | Snake:3  | Bought a glowing broad axe for 259 gold pieces
 28245 | Snake:4  | Entered Level 4 of the Snake Pit
 29031 | Snake:4  | Reached skill level 15 in Shields
 29040 | Snake:4  | Reached skill level 15 in Armour
 29221 | Snake:4  | Got a serpentine rune of Zot
 29935 | Shoals:1 | Entered Level 1 of the Shoals
 30881 | Shoals:2 | Reached XP level 19. HP: 142/174 MP: 19/19
 31013 | Shoals:2 | Found Wounues's Book Shop.
 32569 | Shoals:4 | Entered Level 4 of the Shoals
 33007 | Shoals:4 | Noticed Louise
 33031 | Abyss:3  | Cast into level 3 of the Abyss (Louise)
 33276 | Shoals:4 | Escaped the Abyss
 33288 | Shoals:4 | Killed Louise
 33654 | Shoals:4 | Found the +2 hood of the Assassin {Detection Stab+ Stlth++}
 34147 | Shoals:4 | Got a barnacled rune of Zot
 34258 | Shoals:4 | Bought the +10 war axe of the Evening {freeze, Str+4} for
                  | 788 gold pieces
 34484 | Vaults:1 | Entered Level 1 of the Vaults
 34596 | Vaults:1 | Reached XP level 20. HP: 132/187 MP: 20/20
 35912 | Vaults:2 | Identified the +1 leather armour of the True Pharaoh
                  | {+Blink rElec Regen+ Str-4}
 36311 | Vaults:2 | Noticed Aizul
 36312 | Vaults:2 | Found Coyluan's General Store.
 36314 | Vaults:2 | Paralysed by a sphinx for 3 turns
 36324 | Vaults:2 | Killed Aizul
 36383 | Vaults:2 | Got the Guidebook on Changed Fire
 36388 | Vaults:2 | Bought a scroll of enchant armour for 150 gold pieces
 36595 | Vaults:2 | Found a large runed translucent door.
 36595 | Vaults:2 | Found a large runed translucent door.
 36595 | Vaults:2 | Noticed Quudwopt's ghost (adept MfGl)
 36793 | Vaults:2 | Noticed Boris
 36800 | Vaults:2 | Killed Boris
 36876 | Vaults:2 | Found Wahiug's Armour Emporium.
 37068 | Vaults:2 | Killed Quudwopt's ghost
 37134 | Vaults:2 | Acquired 421 gold pieces
 37180 | Vaults:3 | Reached XP level 21. HP: 195/195 MP: 21/21
 37297 | Vaults:3 | You are sucked into a shaft and drop 1 floor!
 37464 | Vaults:4 | Identified the amulet "Womaru" {Acrobat Str+9 Dex-4}
 37984 | Vaults:4 | Found Mexiogh's Antique Weapon Shop.
 38839 | Vaults:3 | Found Kipnomup's Antique Weapon Shop.
 39529 | Vaults:3 | Reached XP level 22. HP: 207/207 MP: 22/22
 39677 | Vaults:3 | Found a staircase to the Crypt.
 39677 | Vaults:3 | Found a basalt altar of Yredelemnul.
 39678 | Vaults:3 | Found an ancient bone altar of Kikubaaqudgha.
 39972 | Vaults:3 | Bought a wand of quicksilver (3) for 264 gold pieces
 39972 | Vaults:3 | Bought a wand of charming (5) for 252 gold pieces
 39972 | Vaults:3 | Bought a potion of heal wounds for 105 gold pieces
 39972 | Vaults:3 | Bought a scroll of teleportation for 63 gold pieces
 39972 | Vaults:3 | Bought a potion of cancellation for 168 gold pieces
 40079 | Vaults:5 | Entered Level 5 of the Vaults
 40084 | Vaults:5 | Noticed an ancient lich
 40143 | Vaults:5 | Noticed Boris
 40173 | Vaults:4 | Killed an ancient lich
 40220 | Vaults:5 | Gained mutation: You occasionally shout uncontrollably at
                  | your foes. [a shining eye]
 40221 | Vaults:5 | Noticed an ancient lich
 40633 | Vaults:4 | Killed an ancient lich
 40971 | Vaults:5 | Identified the +8 battleaxe "Cifeofomn" {vorpal, SInv}
 40975 | Vaults:5 | Identified the +3 great sword "Nazeitt" {vorpal, SInv}
 41207 | Vaults:5 | Noticed a dread lich
 41513 | Vaults:4 | Killed a dread lich
 42243 | Vaults:4 | HP: 7/205 [shadow dragon/bolt of negative energy (10)]
 42886 | Abyss:3  | Cast into level 3 of the Abyss (a deep elf demonologist)
 42974 | Abyss:3  | Gained mutation: You frequently scream uncontrollably at
                  | your foes. [a neqoxec]
 43134 | Abyss:3  | Reached XP level 23. HP: 217/217 MP: 23/23
 43331 | Vaults:5 | Escaped the Abyss
 43381 | Vaults:5 | Killed Boris
 43503 | Vaults:5 | Identified the +2 robe of Ignis {rC+ Dex+4 Slay-3 Stlth+}
 43575 | Vaults:5 | Identified the +6 scale mail of the Monkey's Uncle {rPois
                  | Regen+ Dex+2}
 43647 | Vaults:5 | Found the +2 hat of the Bear Spirit {Spirit, *Rage Will++}
 43762 | Vaults:5 | Got the Book of Elliptic Striking
 43809 | Vaults:5 | Identified the +1 helmet of the Armoured One {rPois rF-
                  | Str+6}
 43908 | Vaults:5 | Identified the +12 quarterstaff "Ategoc" {holy, Str+5 Int+4
                  | Dex+2}
 44112 | Vaults:5 | Got the Teachings on the Tesseract and Breath
 44283 | Vaults:5 | Got a silver rune of Zot
 44286 | Vaults:5 | Got the Compilation of Called Venin
 44315 | Vaults:5 | Identified the +4 plate armour "Zuafin" {rF- Dex+7}
 44434 | Vaults:5 | Identified the ring "Vanider" {rCorr Int+6 Stlth-}
 44439 | Vaults:5 | Got the Omnibus of the Stinger and the Storm
 44703 | Depths:1 | Entered Level 1 of the Depths
 44932 | Depths:1 | Found a broken altar of Ashenzari.
 44935 | Depths:1 | Found a gateway to Hell.
 45059 | Depths:1 | Found a one-way gateway to a ziggurat.
 45992 | Depths:2 | Found a one-way gate leading to the halls of Pandemonium.
 45992 | Depths:2 | Found Zickaew's Distillery.
 45999 | Depths:2 | Bought a potion of cancellation for 120 gold pieces
 45999 | Depths:2 | Bought a potion of heal wounds for 75 gold pieces
 45999 | Depths:2 | Bought a potion of curing for 45 gold pieces
 45999 | Depths:2 | Bought 2 potions of cancellation for 240 gold pieces
 45999 | Depths:2 | Bought a potion of heal wounds for 75 gold pieces
 45999 | Depths:2 | Bought a potion of might for 60 gold pieces
 45999 | Depths:2 | Bought a potion of curing for 45 gold pieces
 46017 | Depths:2 | Noticed Nikola
 46034 | Depths:2 | Killed Nikola
 46404 | Depths:2 | Found Cer Epoe's Assorted Antiques.
 46407 | Depths:2 | Found Ymareos's Armour Boutique.
 46408 | Depths:2 | Found Cajuevu's Jewellery Boutique.
 46458 | Depths:2 | Identified the ring "Laxung" {Ice Will++ Int+6}
 46458 | Depths:2 | Noticed Josephina
 46487 | Depths:2 | HP: 8/201 [Josephina/ghostly fireball (24)]
 46563 | Depths:2 | Found Jekk's General Store.
 46808 | Depths:2 | Killed Josephina
 47080 | Depths:2 | Noticed Frederick
 47095 | Depths:2 | Killed Frederick
 47216 | Depths:2 | Found a radiant altar of Vehumet.
 47230 | Depths:2 | Identified the amulet "Neciz" {Faith Int+3}
 47851 | Depths:3 | Reached XP level 24. HP: 222/228 MP: 23/23
 48072 | Depths:3 | Noticed Boris
 48086 | Depths:3 | Killed Boris
 48401 | Depths:3 | Identified the +7 hand axe "Umiessal" {venom, rN+ Will+
                  | Str+3}
 48632 | Depths:3 | Found Qaatonow's Book Emporium.
 48632 | Depths:3 | Found Ceogie's Jewellery Boutique.
 48633 | Depths:3 | Found Oqumpac's Jewellery Boutique.
 48798 | Depths:4 | Entered Level 4 of the Depths
 49187 | Depths:4 | Noticed a juggernaut
 49204 | Depths:4 | Killed a juggernaut
 49585 | Depths:4 | Found a gate to the Realm of Zot.
 49731 | Depths:4 | Noticed a juggernaut
 49741 | Depths:4 | Killed a juggernaut
 49839 | Depths:4 | Paralysed by a floating eye for 4 turns
 49891 | Depths:4 | Found a hide-covered altar of Uskayaw.
 50518 | Elf:1    | Found Dululuir's Assorted Antiques.
 50538 | Elf:1    | Bought a scroll of enchant weapon for 352 gold pieces
 50577 | Elf:1    | Reached XP level 25. HP: 227/240 MP: 23/23
 50745 | Elf:1    | Bought an amulet of guardian spirit for 660 gold pieces
 50745 | Elf:1    | Bought the ring "Zonizuj" {rN+ EV+4 Str+5} for 1269 gold
                  | pieces
 50785 | Elf:1    | Got the Compilation of the Undead
 50997 | Elf:1    | Found Uweap's Armour Shoppe.
 51602 | Elf:2    | Noticed Saint Roka
 51642 | Elf:2    | Killed Saint Roka
 51723 | Elf:2    | Found a runed translucent gate.
 51723 | Elf:2    | Found a runed translucent gate.
 51723 | Elf:2    | Found a runed translucent gate.
 51779 | Elf:2    | Found a radiant altar of Vehumet.
 52015 | Elf:2    | Found a runed translucent gate.
 52016 | Elf:2    | Found a runed translucent gate.
 52017 | Elf:2    | Found a runed translucent gate.
 52263 | Elf:2    | Noticed Agnes
 52272 | Elf:2    | Killed Agnes
 52389 | Abyss:3  | Found a corrupted altar of Lugonu.
 52389 | Abyss:3  | Cast into level 3 of the Abyss (+2 dire flail of
                  | distortion)
 52458 | Abyss:3  | Found an ornate altar of the Wu Jian Council.
 52564 | Abyss:3  | Lost intelligence.
 52593 | Abyss:3  | Paralysed by accursed screaming for 2 turns
 52597 | Abyss:3  | Paralysed by accursed screaming for 2 turns
 52730 | Elf:2    | Escaped the Abyss
 53170 | Elf:3    | Entered Level 3 of the Elven Halls
 53307 | Elf:3    | Noticed Asterion
 53322 | Elf:3    | Killed Asterion
 53617 | Abyss:3  | Cast into level 3 of the Abyss (a deep elf demonologist)
 53786 | Abyss:3  | Noticed an ancient lich
 53802 | Abyss:3  | Killed an ancient lich
 54029 | Elf:3    | Escaped the Abyss
 54424 | Elf:3    | Identified the +3 triple sword of Valour {vorpal, rN+}
 54429 | Elf:3    | Reached XP level 26. HP: 236/250 MP: 23/23
 54436 | Elf:3    | Identified the amulet "Buigamm" {Reflect Dex+4 SH+5}
 54443 | Abyss:3  | Cast into level 3 of the Abyss (a deep elf sorcerer)
 54480 | Abyss:3  | Found a corrupted altar of Lugonu.
 54654 | Abyss:3  | Found a corrupted altar of Lugonu.
 54799 | Elf:3    | Escaped the Abyss
 54993 | Elf:3    | Found Cup Toumidi's General Store.
 55005 | Elf:3    | Bought a scroll of teleportation for 45 gold pieces
 55207 | Elf:3    | Identified the +3 rapier of Uskayaw, Jumping {vamp, rC+}
 55207 | Elf:3    | Identified the +3 leather armour of Duty {rElec Stlth+}
 55577 | Elf:3    | Identified the +1 robe of the Dungeon {*Corrode +Inv rC++}
 55695 | Elf:3    | Identified the +6 shortbow of Impermanence {drain, Fly rF+
                  | rC- rN++}
 55708 | Elf:3    | Got the Anthology of the Searing Excursion
 55712 | Elf:3    | Got the Handbook of Variable Poisoning
 55779 | Elf:3    | Got Giqeyrgh's Precepts of Mutable Hypothermia
 56420 | Crypt:1  | Entered Level 1 of the Crypt
 56420 | Crypt:1  | Noticed a dread lich
 56426 | Crypt:1  | Paralysed by a dread lich for 3 turns
 56431 | Crypt:1  | Killed a dread lich
 56548 | Crypt:1  | Noticed a royal mummy
 56652 | Crypt:1  | Noticed Khufu
 57384 | Orc:2    | Bought a scroll of enchant armour for 120 gold pieces
 57604 | Depths:1 | Voluntarily entered the Abyss.
 58343 | Abyss:4  | Gained mutation: You are frail. (-10% HP) [a neqoxec]
 58833 | Abyss:4  | Paralysed by accursed screaming for 1 turns
 58843 | Abyss:4  | Paralysed by accursed screaming for 1 turns
 58875 | Depths:1 | Escaped the Abyss
 59219 | Depths:1 | Voluntarily entered the Abyss.
 59233 | Abyss:4  | Reached skill level 1 in Stealth
 59290 | Abyss:4  | Lost intelligence.
 59297 | Abyss:4  | Reached XP level 27. HP: 234/234 MP: 18/18
 59438 | Abyss:4  | Reached skill level 5 in Stealth
 59484 | Abyss:4  | Gained mutation: You occasionally lose the ability to read
                  | scrolls when taking damage. [a neqoxec]
 59552 | Abyss:4  | Lost intelligence.
 59857 | Abyss:5  | Paralysed by an air elemental for 1 turns
 60038 | Abyss:5  | Found a corrupted altar of Lugonu.
 60108 | Abyss:5  | Gained mutation: You sometimes lose your temper in combat.
                  | [a neqoxec]
 60132 | Abyss:5  | Found a glowing golden altar of the Shining One.
 60152 | Abyss:5  | Noticed a juggernaut
 60160 | Abyss:5  | Killed a juggernaut
 60170 | Abyss:5  | Got an abyssal rune of Zot
 60229 | Abyss:5  | Reached skill level 10 in Stealth
 60242 | Depths:1 | Escaped the Abyss
 60555 | Depths:1 | Lost mutation: You are frail. (-10% HP) [potion of
                  | mutation]
 60555 | Depths:1 | Lost mutation: You occasionally lose the ability to read
                  | scrolls when taking damage. [potion of mutation]
 60555 | Depths:1 | Lost mutation: You frequently scream uncontrollably at your
                  | foes. [potion of mutation]
 60555 | Depths:1 | Lost mutation: You sometimes lose your temper in combat.
                  | [potion of mutation]
 60555 | Depths:1 | Gained mutation: You passively dampen the noise of your
                  | surroundings. [potion of mutation]
 60555 | Depths:1 | Gained mutation: You have hidden genetic potential. [potion
                  | of mutation]
 60556 | Depths:1 | Lost mutation: You have hidden genetic potential. [potion
                  | of mutation]
 60556 | Depths:1 | Lost mutation: You occasionally shout uncontrollably at
                  | your foes. [potion of mutation]
 60556 | Depths:1 | Lost mutation: You passively dampen the noise of your
                  | surroundings. [potion of mutation]
 60556 | Depths:1 | Gained mutation: Your spells are a little harder to cast,
                  | but a little more powerful. [potion of mutation]
 60601 | Depths:1 | Voluntarily entered the Abyss.
 60673 | Abyss:5  | Found an opulent altar of Gozag.
 60739 | Abyss:5  | Found an opulent altar of Gozag.
 61007 | Abyss:5  | Paralysed by accursed screaming for 1 turns
 61049 | Depths:1 | Escaped the Abyss
 61641 | Hell     | Entered the Vestibule of Hell
 61641 | Hell     | Noticed Geryon
 61641 | Hell     | Found a gateway to the Iron City of Dis.
 61790 | Hell     | Paralysed by a vampire knight for 5 turns
 62600 | Crypt:1  | Killed Khufu
 62607 | Crypt:1  | Killed a royal mummy
 64364 | Crypt:2  | Found a transporter.
 64455 | Crypt:2  | Found a basalt altar of Yredelemnul.
 64748 | Crypt:2  | Found a transporter.
 65037 | Crypt:2  | Noticed an ancient lich
 65065 | Crypt:2  | Killed an ancient lich
 65134 | Crypt:2  | Got the Writings on Conduction and Accompaniment
 65163 | Crypt:2  | Identified the ring "Tuda" {rPois Will+ Int+3 Dex+7}
 65190 | Crypt:2  | Identified the amulet of Polytheism {Spirit rC+ Str+3}
 65242 | Crypt:3  | Entered Level 3 of the Crypt
 65256 | Crypt:3  | Identified the +9 morningstar "Ykuobred" {flame, rF+}
 66293 | Crypt:3  | Found a staircase to the Tomb.
 66409 | Crypt:3  | Identified the +1 quarterstaff "Peucvack" {protect, rN++
                  | Int-4}
 66546 | Crypt:3  | Noticed Boris
 66553 | Crypt:3  | Killed Boris
 66619 | Crypt:3  | Reached skill level 27 in Axes
 66754 | Crypt:3  | Found the +7 great mace "Undeadhunter" {disrupt, rN+}
 66758 | Crypt:3  | Identified the +0 scale mail of the Nexus {Int+6}
 66761 | Crypt:3  | Identified the ring "Vabbu" {rN+ Str+4 Dex+4 Slay+2}
 66761 | Crypt:3  | Identified the ring "Poicerr" {rF++ rC+ rN+ Str+4}
 66761 | Crypt:3  | Identified the ring of Quebo {rN+ Will+}
 66860 | Crypt:3  | Bought the +1 buckler of Miocviw {rElec rC+ rN+} for 381
                  | gold pieces
 68277 | Hell     | Killed Geryon
 68356 | Hell     | Found a gateway to the ashen valley of Gehenna.
 68440 | Hell     | Found a gateway to the decaying netherworld of Tartarus.
 68527 | Hell     | Found a gateway to the freezing wastes of Cocytus.
 68783 | Zot:1    | Entered Level 1 of the Realm of Zot
 69171 | Zot:1    | Identified the +8 whip "Ucifriz" {holy, *Slow rN+ Dex+6}
 70807 | Zot:2    | Acquired 1058 gold pieces
 72582 | Zot:5    | Entered Level 5 of the Realm of Zot
 72650 | Zot:5    | Reached skill level 15 in Stealth
 72737 | Zot:5    | Found a runed translucent door.
 72740 | Zot:5    | Noticed Ytolar's ghost (legendary DsFi)
 72878 | Zot:5    | Noticed an orb of fire
 72878 | Zot:5    | Noticed an orb of fire
 72880 | Zot:5    | Noticed an orb of fire
 72890 | Zot:5    | Killed an orb of fire
 72903 | Zot:5    | Killed an orb of fire
 72905 | Zot:5    | Killed an orb of fire
 72946 | Zot:5    | Noticed a dread lich
 72963 | Zot:5    | Killed a dread lich
 73393 | Zot:5    | Noticed an orb of fire
 73407 | Zot:5    | Noticed an orb of fire
 73415 | Zot:5    | Gained mutation: Your body sometimes deteriorates upon
                  | taking damage. [an orb of fire]
 73417 | Zot:5    | Gained mutation: You are frail. (-10% HP) [an orb of fire]
 73419 | Zot:5    | Killed an orb of fire
 73424 | Zot:5    | Gained mutation: You occasionally lose the ability to drink
                  | potions when taking damage. [an orb of fire]
 73427 | Zot:5    | Gained mutation: You do not regenerate when monsters are
                  | visible. [an orb of fire]
 73432 | Zot:5    | Killed an orb of fire
 73621 | Zot:5    | Identified the +0 cloak "Ujoliroifo" {rPois Regen+ Str+8
                  | Int-5}
 74191 | Zot:5    | Lost mutation: You do not regenerate when monsters are
                  | visible. [potion of mutation]
 74191 | Zot:5    | Lost mutation: You are frail. (-10% HP) [potion of
                  | mutation]
 74191 | Zot:5    | Lost mutation: Your spells are a little harder to cast, but
                  | a little more powerful. [potion of mutation]
 74192 | Zot:5    | Lost mutation: You occasionally lose the ability to drink
                  | potions when taking damage. [potion of mutation]
 74192 | Zot:5    | Lost mutation: Your body sometimes deteriorates upon taking
                  | damage. [potion of mutation]
 74192 | Zot:5    | Gained mutation: You are clumsy. (Dex -2) [potion of
                  | mutation]
 74192 | Zot:5    | Gained mutation: Your magical capacity is low. (-10% MP)
                  | [potion of mutation]
 74192 | Zot:5    | Gained mutation: You expend magic power (3 MP) to
                  | strengthen your wands. [potion of mutation]
 74192 | Zot:5    | Gained mutation: You passively map a small area around you.
                  | [potion of mutation]
 74193 | Zot:5    | Lost mutation: Your magical capacity is low. (-10% MP)
                  | [potion of mutation]
 74193 | Zot:5    | Lost mutation: You are clumsy. (Dex -2) [potion of
                  | mutation]
 74193 | Zot:5    | Lost mutation: You expend magic power (3 MP) to strengthen
                  | your wands. [potion of mutation]
 74193 | Zot:5    | Gained mutation: Your muscles are strong. (Str +4, Int/Dex
                  | -1) [potion of mutation]
 74193 | Zot:5    | Gained mutation: Your spells are a little harder to cast,
                  | but a little more powerful. [potion of mutation]
 74193 | Zot:5    | Gained mutation: Your flesh is cold resistant. (rC+)
                  | [potion of mutation]
 74365 | Depths:3 | Voluntarily entered the Abyss.
 74385 | Abyss:5  | Found a corrupted altar of Lugonu.
 74454 | Abyss:5  | Lost intelligence.
 74494 | Abyss:5  | Paralysed by accursed screaming for 1 turns
 74519 | Depths:3 | Escaped the Abyss
 75171 | Depths:3 | Voluntarily entered the Abyss.
 75450 | Depths:3 | Escaped the Abyss
 75922 | Depths:3 | Voluntarily entered the Abyss.
 76038 | Abyss:5  | Reached skill level 27 in Fighting
 76163 | Abyss:5  | Lost intelligence.
 76203 | Depths:3 | Escaped the Abyss
 76475 | Depths:3 | Voluntarily entered the Abyss.
 76520 | Abyss:6  | Paralysed by accursed screaming for 1 turns
 76642 | Abyss:6  | Paralysed by accursed screaming for 1 turns
 76651 | Depths:3 | Escaped the Abyss
 77242 | Depths:3 | Lost mutation: Your spells are a little harder to cast, but
                  | a little more powerful. [potion of mutation]
 77242 | Depths:3 | Lost mutation: You passively map a small area around you.
                  | [potion of mutation]
 77242 | Depths:3 | Gained mutation: You passively map a small area around you.
                  | [potion of mutation]
 77242 | Depths:3 | Gained mutation: You are partially covered in iridescent
                  | scales. (AC +2) [potion of mutation]
 77243 | Depths:3 | Lost mutation: Your flesh is cold resistant. (rC+) [potion
                  | of mutation]
 77243 | Depths:3 | Lost mutation: You are partially covered in iridescent
                  | scales. (AC +2) [potion of mutation]
 77243 | Depths:3 | Lost mutation: Your muscles are strong. (Str +4, Int/Dex
                  | -1) [potion of mutation]
 77243 | Depths:3 | Gained mutation: Your body sometimes deteriorates upon
                  | taking damage. [potion of mutation]
 77243 | Depths:3 | Gained mutation: You are frail. (-10% HP) [potion of
                  | mutation]
 77243 | Depths:3 | Gained mutation: Your movements are slightly less
                  | encumbered by armour. (ER -2) [potion of mutation]
 77244 | Depths:3 | Lost mutation: You are frail. (-10% HP) [potion of
                  | mutation]
 77244 | Depths:3 | Lost mutation: You passively map a small area around you.
                  | [potion of mutation]
 77244 | Depths:3 | Lost mutation: Your body sometimes deteriorates upon taking
                  | damage. [potion of mutation]
 77244 | Depths:3 | Gained mutation: Your muscles are strong. (Str +4, Int/Dex
                  | -1) [potion of mutation]
 77244 | Depths:3 | Gained mutation: You have a somewhat thin skeletal
                  | structure. (Dex +2, Stealth+) [potion of mutation]
 77244 | Depths:3 | Gained mutation: You are covered in fur. (AC +1) [potion of
                  | mutation]
 77555 | Elf:1    | Bought the +9 plate armour of the Fife {Str+2} for 1346
                  | gold pieces
 77834 | Depths:3 | Voluntarily entered the Abyss.
 77837 | Abyss:6  | Found a corrupted altar of Lugonu.
 77891 | Abyss:6  | Paralysed by accursed screaming for 2 turns
 77991 | Depths:3 | Escaped the Abyss
 78587 | Depths:3 | Voluntarily entered the Abyss.
 78670 | Abyss:6  | Paralysed by accursed screaming for 1 turns
 78682 | Abyss:6  | Gained mutation: You occasionally lose the ability to read
                  | scrolls when taking damage. [a shining eye]
 78792 | Depths:3 | Escaped the Abyss
 79369 | Depths:3 | Lost mutation: Your movements are slightly less encumbered
                  | by armour. (ER -2) [potion of mutation]
 79369 | Depths:3 | Lost mutation: Your muscles are strong. (Str +4, Int/Dex
                  | -1) [potion of mutation]
 79369 | Depths:3 | Gained mutation: You are agile. (Dex +4, Str/Int -1)
                  | [potion of mutation]
 79370 | Depths:3 | Lost mutation: You occasionally lose the ability to read
                  | scrolls when taking damage. [potion of mutation]
 79370 | Depths:3 | Lost mutation: You are covered in fur. (AC +1) [potion of
                  | mutation]
 79370 | Depths:3 | Lost mutation: You are agile. (Dex +4, Str/Int -1) [potion
                  | of mutation]
 79370 | Depths:3 | Gained mutation: You are partially covered in iridescent
                  | scales. (AC +2) [potion of mutation]
 79370 | Depths:3 | Gained mutation: You are strong-willed. (Will+) [potion of
                  | mutation]
 79372 | Depths:3 | Voluntarily entered the Abyss.
 79480 | Abyss:6  | Gained mutation: You are frail. (-10% HP) [a neqoxec]
 79481 | Abyss:6  | Gained mutation: Your spells are a little easier to cast,
                  | but a little less powerful. [a neqoxec]
 79520 | Abyss:6  | Gained mutation: You are vulnerable to cold. (rC-) [a
                  | neqoxec]
 79527 | Abyss:6  | Gained mutation: You frequently scream uncontrollably at
                  | your foes. [a neqoxec]
 79550 | Abyss:6  | Gained mutation: You are very frail. (-20% HP) [a neqoxec]
 79571 | Abyss:6  | Paralysed by accursed screaming for 2 turns
 79578 | Abyss:6  | Paralysed by accursed screaming for 1 turns
 79594 | Abyss:6  | Paralysed by accursed screaming for 1 turns
 79725 | Depths:3 | Escaped the Abyss
 79737 | Depths:3 | Lost mutation: You are vulnerable to cold. (rC-) [potion of
                  | mutation]
 79737 | Depths:3 | Lost mutation: Your spells are a little easier to cast, but
                  | a little less powerful. [potion of mutation]
 79737 | Depths:3 | Lost mutation: You have a somewhat thin skeletal structure.
                  | (Dex +2, Stealth+) [potion of mutation]
 79737 | Depths:3 | Gained mutation: You are resistant to electric shocks.
                  | (rElec) [potion of mutation]
 79738 | Depths:3 | Lost mutation: You are strong-willed. (Will+) [potion of
                  | mutation]
 79738 | Depths:3 | Lost mutation: You occasionally shout uncontrollably at
                  | your foes. [potion of mutation]
 79738 | Depths:3 | Gained mutation: You are mostly covered in iridescent
                  | scales. (AC +4) [potion of mutation]
 79739 | Depths:3 | Lost mutation: You are resistant to electric shocks.
                  | (rElec) [potion of mutation]
 79739 | Depths:3 | Lost mutation: You are very frail. (-20% HP) [potion of
                  | mutation]
 79739 | Depths:3 | Gained mutation: You have large cloven feet. [potion of
                  | mutation]
 79739 | Depths:3 | Gained mutation: You are vulnerable to heat. (rF-) [potion
                  | of mutation]
 79740 | Depths:3 | Lost mutation: You are mostly covered in iridescent scales.
                  | (AC +4) [potion of mutation]
 79740 | Depths:3 | Lost mutation: You are vulnerable to heat. (rF-) [potion of
                  | mutation]
 79740 | Depths:3 | Gained mutation: Your muscles are strong. (Str +4, Int/Dex
                  | -1) [potion of mutation]
 79741 | Depths:3 | Lost mutation: Your muscles are strong. (Str +4, Int/Dex
                  | -1) [potion of mutation]
 79741 | Depths:3 | Lost mutation: You are partially covered in iridescent
                  | scales. (AC +2) [potion of mutation]
 79741 | Depths:3 | Gained mutation: You occasionally shout uncontrollably at
                  | your foes. [potion of mutation]
 79741 | Depths:3 | Gained mutation: You have a pair of small horns on your
                  | head. [potion of mutation]
 79742 | Depths:3 | Lost mutation: You are frail. (-10% HP) [potion of
                  | mutation]
 79742 | Depths:3 | Lost mutation: You have a pair of small horns on your head.
                  | [potion of mutation]
 79742 | Depths:3 | Gained mutation: Your muscles are strong. (Str +4, Int/Dex
                  | -1) [potion of mutation]
 79742 | Depths:3 | Gained mutation: You occasionally lose the ability to read
                  | scrolls when taking damage. [potion of mutation]
 79743 | Depths:3 | Lost mutation: You occasionally lose the ability to read
                  | scrolls when taking damage. [potion of mutation]
 79743 | Depths:3 | Lost mutation: You have large cloven feet. [potion of
                  | mutation]
 79743 | Depths:3 | Gained mutation: You are partially covered in iridescent
                  | scales. (AC +2) [potion of mutation]
 79743 | Depths:3 | Gained mutation: You occasionally lose the ability to drink
                  | potions when taking damage. [potion of mutation]
 79743 | Depths:3 | Gained mutation: A frigid envelope surrounds you and
                  | freezes all who hurt you. [potion of mutation]
 80051 | Slime:1  | Entered Level 1 of the Pits of Slime
 80132 | Lair:4   | Fell from the grace of Gozag
 80132 | Lair:4   | Became a worshipper of Jiyva Jistrod the Shapeless
 80505 | Slime:2  | Noticed Dissolution
 80523 | Slime:2  | Found a viscous altar of Jiyva.
 80868 | Slime:5  | Entered Level 5 of the Pits of Slime
 81050 | Slime:5  | Found a viscous altar of Jiyva.
 81234 | Slime:5  | Noticed the Royal Jelly
 82231 | Geh:1    | Entered Level 1 of Gehenna
 82643 | Geh:2    | You are sucked into a shaft and drop 2 floors!
 82961 | Geh:2    | Reached * piety under Jiyva
 83912 | Lair:1   | Killed Diaxkar's ghost
 84682 | Geh:5    | Noticed a dread lich
 84690 | Geh:5    | Killed a dread lich
 84721 | Geh:5    | Reached ** piety under Jiyva
 85134 | Geh:6    | Noticed an ancient lich
 85169 | Geh:6    | Killed an ancient lich
 85497 | Geh:7    | Entered Level 7 of Gehenna
 85931 | Depths:1 | Voluntarily entered the Abyss.
 85943 | Abyss:6  | Identified the +0 tower shield of Immorality {Slay+3 SInv
                  | Stlth+}
 85989 | Abyss:6  | Reached skill level 27 in Shields
 85994 | Abyss:6  | Found a corrupted altar of Lugonu.
 86000 | Depths:1 | Escaped the Abyss
 86338 | Dis:1    | Entered Level 1 of the Iron City of Dis
 86551 | Tar:1    | Entered Level 1 of Tartarus
 86636 | Tar:1    | Reached *** piety under Jiyva
 86640 | Tar:1    | Reached skill level 27 in Armour
 86677 | Tar:1    | Noticed an ancient lich
 86687 | Tar:1    | Killed an ancient lich
 89692 | Tar:5    | Noticed a juggernaut
 89707 | Tar:5    | Killed a juggernaut
 89974 | Tar:5    | Noticed a juggernaut
 89986 | Tar:5    | Killed a juggernaut
 90023 | Tar:5    | Lost mutation: A frigid envelope surrounds you and freezes
                  | all who hurt you. [Jiyva's grace]
 90023 | Tar:5    | Lost mutation: You occasionally shout uncontrollably at
                  | your foes. [Jiyva's grace]
 90023 | Tar:5    | Lost mutation: Your muscles are strong. (Str +4, Int/Dex
                  | -1) [Jiyva's grace]
 90023 | Tar:5    | Gained mutation: You are mostly covered in iridescent
                  | scales. (AC +4) [Jiyva's grace]
 90023 | Tar:5    | Gained mutation: You are completely covered in iridescent
                  | scales. (AC +6) [Jiyva's grace]
 90023 | Tar:5    | Gained mutation: You have a small jelly attached to you
                  | that senses nearby items. [Jiyva's grace]
 90023 | Tar:5    | Gained mutation: Your translucent skin slightly reduces
                  | your foes' accuracy. (Stealth+) [Jiyva's grace]
 90040 | Tar:5    | Noticed a juggernaut
 90049 | Tar:5    | Killed a juggernaut
 90207 | Tar:6    | HP: 13/273 [??? (5)]
 90209 | Tar:6    | HP: 5/273 [poisoned by a tainted leviathan (dark miasma)]
 90210 | Tar:6    | HP: 2/273 [poisoned by a tainted leviathan (dark miasma)]
 90211 | Tar:6    | Succumbed to a tainted leviathan's dark miasma

Illustrated notes

Levels and vault maps discovered:
D:1:      spicycebolla_arrival_risky_transporter, layout_loops_cross
D:2:      layout_loops_ring, basic_altar, minmay_quantized,
          uniq_crazy_yiuf_cottage
D:3:      layout_loops_ring, gammafunk_ghost_arena,
          hangedman_abyss_or_decor_stabs
D:4:      layout_cave_pools, uniq_sigmund
D:5:      layout_gridville, minmay_temple_entry_slanted
D:6:      layout_layer_cave, nicolae_dithmenos_through_a_glass_darkly,
          nicolae_specific_store
D:7:      layout_basic, enter_bailey_5, uniq_duvessa, uniq_menkaure
D:8:      layout_loops_corners, serial_aquarium, aquarium_bridge_square
          [aquarium_subvault_bridge, aquarium_subvault_bridge,
          aquarium_subvault_wall, aquarium_subvault_balcony],
          aquarium_bridge_island_small [aquarium_subvault_small_open,
          aquarium_subvault_window, aquarium_subvault_bridge,
          aquarium_subvault_bridge, aquarium_subvault_wall],
          aquarium_window_corridor_2, aquarium_window_fake,
          aquarium_window_fake, aquarium_view_2d, aquarium_view_2c,
          minmay_guarded_unrand_variability, uniq_amaemon, uniq_maggie,
          uniq_joseph, uniq_erica, uniq_psyche, uniq_grum, uniq_prince_ribbit1
D:9:      layout_roguey
D:10:     layout_roguey, david_lair_generic, orc_david_3,
          hangedman_corner_corridor
D:11:     layout_roguey, bh_walls_and_bars
D:12:     wad_river_or_something, layout_basic, hangedman_decor_peaks_small
D:13:     nzn_winding_woodlands_three_and_one
          [nzn_winding_woodlands_5x15_river_crossing,
          nzn_winding_woodlands_5x15_eye, nzn_winding_woodlands_5x15_concentric,
          nzn_winding_woodlands_center_garden], layout_long_grid,
          nicolae_trove_entry_crossroad, special_room [special_room_bee],
          minmay_puff
D:14:     layout_long_grid, lightli_vaults_fourway_checkpoint, lemuel_tele_altar
D:15:     gammafunk_depths_entry_grave, layout_loops_ring, serial_ice,
          serial_ice_b, serial_ice_j, serial_ice_n, serial_ice_f,
          portal_ice_cave_entry_ugly_swarm, serial_shops, nicolae_shop_crystal,
          nrook_mini_backslash, nicolae_tso_carved_into_rock
Temple:   nicolae_temple_bog_church
Lair:1:   layout_hall_layers, enter_volcano_2, ebering_ghost_disaster_area,
          nicolae_lair_liquid_snakes
Lair:2:   layout_hall_layers, minmay_shoals_entry_hut,
          minmay_snake_entry_six_corridors
Lair:3:   layout_gridlike
Lair:4:   layout_regular_city, slime_entry_1, gammafunk_ghost_grave
Lair:5:   hellmonk_lair_end_abyssal_woods, layout_hall_layers,
          nicolae_quartered_pool_medium
Shoals:1: layout_shoals, nicolae_shoals_shepherds
Shoals:2: layout_shoals, nicolae_take_the_stairs
Shoals:3: layout_shoals, nzn_prometheus_bound
Shoals:4: shoals_end_simple, layout_shoals, uniq_louise
Snake:1:  layout_onion, nicolae_triple_integral, grunt_megastairs_2
Snake:2:  layout_onion_interference, serial_shops,
          nicolae_shop_temple_entry_statues_fountains
Snake:3:  layout_cave_pods, grunt_megastairs_5
Snake:4:  grunt_snake_rune_pools, layout_cave_town
Slime:1:  layout_caves
Slime:2:  layout_caves, basic_altar, dissolution_awaits
Slime:3:  layout_caves
Slime:4:  layout_caves
Slime:5
Orc:1:    layout_diamond_mine, serial_shops, shop
Orc:2:    st_orc_open, layout_caves, basic_altar
Elf:1:    layout_geoelf_octagon, serial_shops, nicolae_lakefront_shop,
          nicolae_diamond_shop, minmay_elf_necromancy, amethyst_killhole
Elf:2:    nicolae_elf_blades_splatter_lattice [nicolae_blade_lattice],
          layout_geoelf_octagon, basic_altar, grunt_ministairs_6,
          nicolae_elf_hall_of_bonks, uniq_saint_roka, uniq_agnes
Elf:3:    elf_hall, layout_loops_corners, serial_shops, shop, uniq_asterion
Vaults:1: vaults_room_guarded_vault, vaults_room_large_hall,
          ontoclasm_vaults_ligature, v_misc_26, vaults_room_fancy_cross,
          ontoclasm_vaults_pinch, grunt_vaults_hallway_long,
          ontoclasm_vaults_bender, vaults_room_door_ring,
          nicolae_vaults_rhombus_7, layout_vaults_omnicross
Vaults:2: advil_vaults_ghost_guards, v_misc_12, vaults_room_grid, v_pattern_2,
          nicolae_vaults_shelves_hall, grunt_vaults_diagonal,
          nicolae_vaults_specimen_jars, nicolae_vaults_little_ls,
          nicolae_vaults_little_squares_3, vaults_dpeg_emergency_exit,
          v_misc_17, grunt_vaults_funnel, layout_vaults_big_room, serial_shops,
          nicolae_lakefront_shop, shop, uniq_margery, uniq_aizul, uniq_boris
Vaults:3: nicolae_vaults_three_branches, nicolae_vaults_arrows,
          nicolae_vaults_murderbox, v_misc_11, minmay_crypt_entry_necro_gods,
          v_misc_32, v_misc_15, grunt_vaults_focal, vaults_room_boxed,
          nicolae_vaults_network_quincunx
          [nicolae_vaults_network_quincunx_subvault,
          nicolae_vaults_network_quincunx_subvault,
          nicolae_vaults_network_quincunx_subvault,
          nicolae_vaults_network_quincunx_subvault,
          nicolae_vaults_network_quincunx_subvault], grunt_vaults_hallway_short,
          vaults_dpeg_doors, v_misc_14, vaults_dpeg_encased_lava,
          layout_vaults_omnibox, serial_shops, shop
Vaults:4: v_alt_pattern_6, ontoclasm_vaults_claustrophobia, v_misc_19,
          vaults_room_fancy_cross, vaults_room_large_hall,
          hangedman_vaults_stagger, v_misc_10,
          nicolae_vaults_diagonal_hallway_6, vaults_room_glass_cross,
          vaults_standard_mumra_enter_the_diamond, v_misc_11,
          vaults_room_door_ring, hangedman_vaults_nails, layout_vaults_ring,
          serial_shops, shop
Vaults:5
Crypt:1:  layout_gridlike, minivault_26, st_stairs_10, grunt_megastairs_1,
          uniq_khufu
Crypt:2:  gammafunk_dig_for_victory, layout_gridlike,
          lemuel_mausoleum_altar_yredelemnul, grunt_megastairs_3,
          lemuel_upstairs_altar
Crypt:3:  due_elkab, layout_chaotic_city
Depths:1: layout_basic, enter_ziggurat_c, abyss_entry,
          cheibrodos_ashenzari_chains, hell_entry, nrook_uturn, laboratory
Depths:2: evilmike_halls_of_destruction, layout_gridville, hell_entry,
          chequers_hall_statues_wall_a, pan_entry, serial_shops,
          nicolae_shop_stone, nicolae_shop_statue_plus,
          nicolae_wooded_promenade, uniq_nikola, uniq_josephina
Depths:3: kennysheep_four_of_diamonds, layout_cave_pools,
          hangedman_decor_opposing, hell_entry, minmay_room_of_horrors,
          minmay_shop_grove, infiniplex_staircase_spiral, firewood_loft
Depths:4: grunt_zot_entry_bicorn, layout_basic, pf_hell_entry_great_geh,
          hex_medium, eat_drink_and_be_merry_uskayaw
Hell
Dis:1:    layout_gridville, nicolae_dis_big_boring_drill
Geh:1:    layout_gehenna_pools_box
Geh:2:    layout_gehenna_pools_box
Geh:3:    layout_gehenna_pools_box
Geh:4:    layout_gehenna_pools_triple
Geh:5:    layout_gehenna_pools_triple
Geh:6:    nicolae_geh_erupted_tower, layout_gehenna_pools_triple
Geh:7:    geh_hangedman
Tar:1:    layout_grid_maze
Tar:2:    layout_catacombs
Tar:3:    layout_cathedral_of_symmetry
Tar:4:    layout_grid_maze
Tar:5:    nicolae_hells_titanomachy
Tar:6:    nicolae_hells_demon_pit, layout_cathedral_of_symmetry
Zot:1:    layout_gridlike
Zot:2:    layout_basic
Zot:3:    layout_gridlike
Zot:4:    layout_twisted_circle
Zot:5:    layout_gridlike, hellmonk_ghost_big_iron

Skill      XL: |  1  2  3  4  5  6  7  8  9 10 11 12 13 14 15 16 17 18 19 20 21 22 23 24 25 26 27 |
---------------+----------------------------------------------------------------------------------+-----
Axes           | 3 4 5 6 7 9 11 12 14 15 16 17 19 20 21 22 23 24 25 26 27 | 27.0
Fighting       | 4 5 6 7 9 10 11 13 14 15 16 17 18 19 20 21 22 23 24 27 | 27.0
Armour         | 4 5 6 8 9 10 12 13 14 15 16 17 18 19 20 21 22 27 | 27.0
Shields        | 4 5 6 8 9 10 12 13 14 15 16 17 18 19 20 21 22 27 | 27.0
Dodging        | 5 12 15 18 19 20 21 22 26 | 26.1
Stealth        | 2 20 | 20.1

Action                   |  1- 3 |  4- 6 |  7- 9 | 10-12 | 13-15 | 16-18 | 19-21 | 22-24 | 25-27 || total
-------------------------+-------+-------+-------+-------+-------+-------+-------+-------+-------++-------
Melee: War axe           |   101 |   165 |   302 |   325 |   643 |   927 |  1134 |  1253 |  4420 ||  9270
       Unarmed           |       |       |       |     7 |       |       |       |       |       ||     7
       Spear             |       |       |       |       |    56 |     2 |       |       |       ||    58
Invok: Call Merchant     |       |       |       |     2 |     3 |     2 |     2 |     3 |     4 ||    16
Evoke: Wand              |       |       |       |     5 |       |     1 |       |     2 |     5 ||    13
       Condenser vane    |       |       |       |     1 |       |       |       |     1 |     1 ||     3
  Use: Scroll            |     5 |     2 |     9 |    17 |    13 |     9 |     5 |    10 |    22 ||    92
       Potion            |     1 |       |     2 |     1 |       |       |       |     6 |    39 ||    49
 Stab: Distracted        |       |       |     2 |     5 |    13 |    15 |    18 |    23 |   127 ||   203
       Sleeping          |       |       |       |       |       |       |       |       |    38 ||    38
       Invisible         |       |       |       |       |       |       |       |       |     2 ||     2
Armor: Scale mail        |    55 |    13 |       |       |       |       |       |       |       ||    68
       Plate armour      |       |   144 |   230 |   194 |   244 |   245 |   288 |   362 |   773 ||  2480
       Crystal plate arm |       |       |       |       |       |    14 |       |       |       ||    14
Dodge: Dodged            |    56 |    49 |    90 |    68 |   170 |   344 |   395 |   467 |  1507 ||  3146
Block: Buckler           |    26 |    45 |    41 |       |       |       |       |       |       ||   112
       Kite shield       |       |       |    84 |   247 |   480 |   733 |   784 |   925 |  3390 ||  6643
       Reflection        |       |       |       |       |       |    25 |    86 |    54 |   120 ||   285
       Rpst.: War axe    |       |       |       |    25 |   194 |   270 |   280 |   316 |  1302 ||  2387
       Spear             |       |       |       |       |    16 |     3 |       |       |       ||    19

Table legend: (Time is in decaauts)
 A = Elapsed time spent in this place.
 B = Non-inter-level travel time spent in this place.
 C = Inter-level travel time spent in this place.
 D = Time resting spent in this place.
 E = Time spent auto-exploring this place.
 F = Levels seen in this place.
 G = Mean time per level.
                   A        B        C        D        E       F      G
               +--------+--------+--------+--------+--------+-----+--------+
         Total |  88756 |  80457 |   8299 |  14369 |  45932 |  93 |  954.4 |
       Dungeon |  16973 |  14600 |   2373 |    467 |  11011 |  15 | 1131.5 |
        Temple |    283 |    265 |     18 |      0 |    244 |   1 |  283.0 |
          Lair |   5704 |   5006 |    698 |      0 |   3912 |   5 | 1140.8 |
        Shoals |   4043 |   3879 |    164 |    261 |   2732 |   4 | 1010.8 |
     Snake Pit |   4241 |   4058 |    183 |      0 |   3282 |   4 | 1060.2 |
    Slime Pits |   1517 |   1349 |    168 |      0 |   1016 |   5 |  303.4 |
  Orcish Mines |   2941 |   2440 |    501 |    853 |   1075 |   2 | 1470.5 |
   Elven Halls |   4745 |   4329 |    416 |    789 |   2583 |   3 | 1581.7 |
        Vaults |  10275 |   9409 |    866 |   2488 |   5136 |   5 | 2055.0 |
         Crypt |   4504 |   4178 |    326 |    450 |   2334 |   3 | 1501.3 |
        Depths |  13059 |  11258 |   1801 |   6137 |   3404 |   4 | 3264.8 |
          Hell |   1351 |   1162 |    189 |    503 |    332 |   1 | 1351.0 |
           Dis |    142 |    142 |      0 |      0 |     27 |   1 |  142.0 |
       Gehenna |   2583 |   2427 |    156 |    292 |   1142 |   7 |  369.0 |
      Tartarus |   3112 |   3013 |     99 |   1622 |    873 |   6 |  518.7 |
           Zot |   5525 |   5192 |    333 |    141 |   4121 |   5 | 1105.0 |
         Abyss |   5802 |   5802 |      0 |    363 |   1706 |  19 |  305.4 |
        Bailey |    678 |    678 |      0 |      0 |    311 |   1 |  678.0 |
      Ice Cave |    815 |    815 |      0 |      0 |    477 |   1 |  815.0 |
       Volcano |    456 |    456 |      0 |      0 |    212 |   1 |  456.0 |
               +--------+--------+--------+--------+--------+-----+--------+

Top non-repeatable levels by time:
Depths:1: 5159 daAuts
Depths:3: 4826 daAuts
Vaults:4: 3960 daAuts
     D:8: 2276 daAuts
   Elf:3: 2236 daAuts
Vaults:3: 2065 daAuts
Depths:2: 1910 daAuts
 Abyss:3: 1879 daAuts
   Orc:1: 1664 daAuts
 Crypt:3: 1619 daAuts
 Crypt:1: 1617 daAuts
 Abyss:5: 1614 daAuts
   Zot:5: 1600 daAuts
 Snake:4: 1557 daAuts
Vaults:2: 1507 daAuts
